 Dungeon Crawl Stone Soup version 0.21-a0-641-geef9d7f (webtiles) character file.

41 Zhaine the Vexing (level 3, -1/28 HPs)
             Began as a Centaur Enchanter on Dec 30, 2017.
             Slain by a gnoll
             ... wielding a +0 spear
              (8 damage)
             ... on level 2 of the Dungeon.
             The game lasted 00:11:15 (958 turns).

Zhaine the Vexing (Centaur Enchanter)                Turns: 958, Time: 00:11:15

Health: -1/28      AC:  5    Str: 10    XL:     3   Next: 32%
Magic:  0/5        EV:  8    Int: 15    God:
Gold:   61         SH:  0    Dex:  9    Spells: 2/5 levels left

rFire    + . .     SeeInvis .   k - +0 short sword (speed)
rCold    x . .     Gourm    .   (no shield)
rNeg     . . .     Faith    .   e - +0 ring mail
rPois    .         Spirit   .   (no helmet)
rElec    .         Reflect  .   (no cloak)
rCorr    .         Harm     .   (no gloves)
MR       .....                  (no barding)
Stlth    +.........             (no amulet)
HPRegen  0.09/turn              j - ring of fire
MPRegen  0.09/turn              (no ring)

@: very slightly contaminated, very quick
A: large, hooves 3, deformed body, speed 2, tough skin 3
a: no special abilities


You were on level 2 of the Dungeon.
You were not hungry.

You visited 1 branch of the dungeon, and saw 2 of its levels.

You collected 61 gold pieces.

Inventory:

Hand Weapons
 a - a +1 dagger
 k - a +0 short sword of speed (weapon)
Missiles
 h - 26 stones (quivered)
Armour
 e - a +0 ring mail (worn)
Jewellery
 j - a ring of fire (left hand)
Scrolls
 b - a scroll of random uselessness {unknown}
 f - 2 scrolls of enchant armour {unknown}
 g - a scroll of identify {unknown}
 l - 2 scrolls of teleportation {unknown}
Potions
 i - a potion of agility {unknown}
Books
 c - a book of Maledictions

   Spells                             Type                      Level
   a - Corona                         Hexes                        1
   b - Ensorcelled Hibernation        Hexes/Ice                    2
   c - Confuse                        Hexes                        3
   d - Tukima's Dance                 Hexes                        3
   e - Dazzling Spray                 Conjuration/Hexes            3
Comestibles
 d - 3 rations


   Skills:
 + Level 1.0 Fighting
 + Level 1.3 Short Blades
 - Level 1.0 Throwing
 + Level 1.6 Dodging
 - Level 1.7 Stealth
 + Level 1.9 Spellcasting
 + Level 3.0 Hexes


You had 2 spell levels left.
You knew the following spells:

 Your Spells              Type           Power        Failure   Level  Hunger
a - Corona                Hex            ##.....      17%         1    ##.....
b - Ensorcelled Hibernat  Hex/Ice        #.....       43%         2    ###....


Dungeon Overview and Level Annotations

Branches:
Dungeon (2/15)

Altars:


Innate Abilities, Weirdness & Mutations

You have hooves in place of feet.
Armour fits poorly on your strangely shaped body.
You cover ground very quickly.
You have extremely tough skin. (AC +3)


Message History

The stone closely misses you. The gnoll hits you but does no damage.
The goblin shoots a stone.
The stone hits you but does no damage.
The gnoll hits you from afar with a spear.
You see here a stone.
Casting: Corona
Confirm with . or Enter, or press ? or * to list all spells.
Aiming: Corona
Press: ? - help, Shift-Dir - straight line, f - gnoll, p - goblin
Aim: a gnoll, wielding a spear (chance to defeat MR: 54%)
The gnoll is outlined in light.
The gnoll hits you but does no damage. The gnoll hits you but does no damage.
You see here a stone.
You hit the gnoll.
The gnoll is lightly wounded.
The gnoll hits you with a spear.
* * * LOW HITPOINT WARNING * * *
You hit the gnoll. Your kick misses the gnoll.
The gnoll is moderately wounded.
The gnoll hits you with a spear!
You die...

######
.....####
####....##
####..#####
##.....##
#####..#
##.##########
#(..@gg.....
##..
######......
.... .....
##.. .... ...
.. .


You could see a gnoll and a goblin.

Vanquished Creatures
  2 gnolls (D:2)
  A worm (D:2)
  A ball python (D:2)
  A giant cockroach (D:1)
  A goblin (D:1)
  4 jackals (D:1)
  2 bats (D:2)
  A frilled lizard (D:2)
  5 kobolds
  A rat (D:2)
19 creatures vanquished.

Notes
Turn   | Place    | Note
-------+----------+-------------------------------------------
     0 | D:1      | Zhaine the Centaur Enchanter began the quest for the Orb.
     0 | D:1      | Reached XP level 1. HP: 14/14 MP: 3/3
   204 | D:1      | Reached skill level 1 in Short Blades
   432 | D:1      | Reached XP level 2. HP: 10/22 MP: 4/4
   785 | D:2      | Learned a level 2 spell: Ensorcelled Hibernation
   946 | D:2      | Reached skill level 1 in Throwing
   946 | D:2      | Reached XP level 3. HP: 21/27 MP: 1/5
   949 | D:2      | Reached skill level 1 in Fighting
   949 | D:2      | Reached skill level 3 in Hexes
   958 | D:2      | Slain by a gnoll

Vault maps used:
D:1:      minmay_arrival_jagged
D:2:      minitemple, first_ration

Skill      XL: |  1  2  3 |
---------------+----------+-----
Short Blades   | 1 |  1.3
Throwing       | 1 |  1.0
Fighting       | 1 |  1.0
Hexes          | 3 |  3.0
Dodging        | |  1.6
Stealth        | |  1.7
Spellcasting   | |  1.9

Action                   || total
-------------------------++-------
Melee: Dagger            ||    52
       Kick              ||    10
       Short sword       ||    22
Throw: Stone             ||     5
 Cast: Corona            ||     9
Armor: Ring mail         ||    24
Dodge: Dodged            ||    29

Table legend:
 A = Spawn XP
 B = Non-spawn XP
 C = Spawn XP percentage of total XP
 D = Spawn monster count
 E = Non-spawn monster count
 F = Spawn count percentage of total count
 G = Total turns spent on level
                    A         B        C        D         E        F      G
               +---------+---------+-------+---------+---------+-------+---------
         Total |       0 |      59 |   0.0 |       0 |      19 |   0.0 |   958
               +---------+---------+-------+---------+---------+-------+---------
           D:1 |       0 |      15 |   0.0 |       0 |       8 |   0.0 |   698
           D:2 |       0 |      44 |   0.0 |       0 |      11 |   0.0 |   260
               +---------+---------+-------+---------+---------+-------+---------
